| TOP OF THE 1ST |
|
Richmond Braves batting - Pitching for Toledo Mud Hens : RHP Jay North
|
|
Pitching: RHP Jay North
|
|
|
Batting: LHB Brent Hillenga
|
0-0: Ball 1-0: Ball 2-0: Foul Ball, location: 2F 2-1: Foul Ball, location: 2F 2-2: Ball 3-2: Foul Ball, location: 2F 3-2: Ground out 1-3 (Groundball, 34S, EV 68.1 MPH)
|
|
Batting: LHB Dan Rohn
|
0-0: Ball 1-0: Called Strike 1-1: Fly out, F7 (Flyball, 7S, EV 83.8 MPH)
|
|
Batting: SHB Howard Johnson
|
0-0: Foul Ball, location: 2F 0-1: Ball 1-1: Foul Ball, location: 2F 1-2: Ground out 3-1 (Groundball, 34S, EV 85.0 MPH)
|
| Top of the 1st over - 0 runs, 0 hits, 0 errors, 0 left on base; Richmond 0 - Toledo 0 |
| BOTTOM OF THE 1ST |
|
Toledo Mud Hens batting - Pitching for Richmond Braves : LHP Mark Thurmond
|
|
Pitching: LHP Mark Thurmond
|
|
|
Batting: RHB Joey McEndree
|
0-0: Ball 1-0: Fly out, F8 (Flyball, 8LD, EV 92.5 MPH)
|
|
Batting: LHB Ron Diggle
|
0-0: Ball 1-0: Swinging Strike 1-1: Ground out 4-3 (Groundball, 34D, EV 81.9 MPH)
|
|
Batting: SHB Ken Henderson
|
0-0: Foul Ball, location: 2F 0-1: Ball 1-1: Ball 2-1: Called Strike 2-2: Fly out, F8 (Flyball, 8LS, EV 88.1 MPH)
|
| Bottom of the 1st over - 0 runs, 0 hits, 0 errors, 0 left on base; Richmond 0 - Toledo 0 |
| TOP OF THE 2ND |
|
Richmond Braves batting - Pitching for Toledo Mud Hens : RHP Jay North
|
|
Batting: LHB Chris Evans
|
0-0: Foul Ball, location: 2F 0-1: Ball 1-1: Ground out 4-3 (Groundball, 4, EV 81.9 MPH)
|
|
Batting: RHB Dave Stegman
|
0-0: DOUBLE (Groundball, 5L, EV 106.9 MPH)
|
|
Batting: LHB Matt Winters
|
0-0: Ball 1-0: Ball 2-0: Foul Ball, location: 2F 2-1: Foul Ball, location: 2F 2-2: Ball 3-2: Base on Balls
|
|
Batting: SHB Donnie Scott
|
0-0: Foul Ball, location: 2F 0-1: Fielders Choice at 2nd, 3-6 (Groundball, 13, EV 93.1 MPH) Dave Stegman to third
|
|
Batting: LHB Max Venable
|
0-0: Fly out, F4 (Flyball, 34D, EV 71.3 MPH)
|
| Top of the 2nd over - 0 runs, 1 hit, 0 errors, 2 left on base; Richmond 0 - Toledo 0 |
| BOTTOM OF THE 2ND |
|
Toledo Mud Hens batting - Pitching for Richmond Braves : LHP Mark Thurmond
|
|
Batting: RHB John Guarino
|
0-0: Ball 1-0: Called Strike 1-1: Foul Ball, location: 2F 1-2: Ball 2-2: Ball 3-2: Foul Ball, location: 2F 3-2: Foul Ball, location: 2F 3-2: Foul Ball, location: 2F 3-2: Base on Balls
|
|
Batting: RHB Milt Jefferson
|
0-0: Swinging Strike 0-1: Ball 1-1: Foul Ball, location: 2F 1-2: Grounds into double play, 4-6-3 (Groundball, 4, EV 86.9 MPH)
|
|
Batting: RHB Don Lyle
|
0-0: Ball 1-0: Foul Ball, location: 2F 1-1: Swinging Strike 1-2: Ground out U3 (Groundball, 23, EV 82.5 MPH)
|
| Bottom of the 2nd over - 0 runs, 0 hits, 0 errors, 0 left on base; Richmond 0 - Toledo 0 |
| TOP OF THE 3RD |
|
Richmond Braves batting - Pitching for Toledo Mud Hens : RHP Jay North
|
|
Batting: SHB Julio Cruz
|
0-0: Ball 1-0: SINGLE (Groundball, 56, EV 94.4 MPH) (infield hit)
|
|
Batting: LHB Brent Hillenga
|
0-0: Ball 1-0: Foul Ball, location: 2F 1-1: Foul Ball, location: 2F 1-2: Ball 2-2: Foul Ball, location: 2F 2-2: Ball 3-2: Foul Ball, location: 2F 3-2: SINGLE (Groundball, 4D, EV 98.1 MPH) Julio Cruz to second Runner from 2nd tries for 3rd, SAFE, no throw by CF
|
|
Batting: LHB Dan Rohn
|
0-0: Called Strike 0-1: Foul Ball, location: 2F 0-2: Foul Ball, location: 2F 0-2: Ball 1-2: Foul Ball, location: 2F 1-2: Foul Ball, location: 2F 1-2: Strikes out looking and he ARGUES THE CALL AND IS TOSSED!
|
|
Batting: SHB Howard Johnson
|
0-0: Called Strike Brent Hillenga steals 2nd base 0-1: Ball 1-1: Foul Ball, location: 2F 1-2: Foul Ball, location: 2F 1-2: Foul Ball, location: 2F 1-2: Fly out, F7 (Flyball, 7S, EV 90.0 MPH)
|
|
Batting: LHB Chris Evans
|
0-0: Foul Ball, location: 2F 0-1: Ground out 4-3 (Groundball, 4MS, EV 90.6 MPH)
|
| Top of the 3rd over - 0 runs, 2 hits, 0 errors, 2 left on base; Richmond 0 - Toledo 0 |
| BOTTOM OF THE 3RD |
|
Toledo Mud Hens batting - Pitching for Richmond Braves : LHP Mark Thurmond
|
|
Now at SS: Scott Carnes
|
|
|
Batting: RHB Dennis Odom
|
0-0: Ball 1-0: Ground out 5-3 (Groundball, 5, EV 82.5 MPH)
|
|
Batting: RHB Gary Allenson
|
0-0: Called Strike 0-1: SINGLE (Groundball, 34D, EV 105.0 MPH)
|
|
Batting: RHB Frank Moisa
|
0-0: Swinging Strike 0-1: Ball 1-1: Foul Ball, location: 2F 1-2: Ball 2-2: DOUBLE (Flyball, 89D, EV 106.3 MPH) Gary Allenson to third
|
|
Batting: RHB Joey McEndree
|
0-0: Ball 1-0: Foul Ball, location: 2F 1-1: Ball 2-1: Fly out, F9 (Line Drive, 9, EV 105.6 MPH) Runner from 3rd tags up, SCORES, throw by RF Frank Moisa to third
|
|
Batting: LHB Ron Diggle
|
0-0: Called Strike 0-1: Called Strike 0-2: Foul Ball, location: 2F 0-2: Ball 1-2: Foul Ball, location: 2F 1-2: Strikes out swinging
|
| Bottom of the 3rd over - 1 run, 2 hits, 0 errors, 1 left on base; Richmond 0 - Toledo 1 |
| TOP OF THE 4TH |
|
Richmond Braves batting - Pitching for Toledo Mud Hens : RHP Jay North
|
|
Batting: RHB Dave Stegman
|
0-0: Foul Ball, location: 2F 0-1: Ball 1-1: SINGLE (Line Drive, 9S, EV 100.0 MPH)
|
|
Batting: LHB Matt Winters
|
0-0: Called Strike Dave Stegman steals 2nd base 0-1: Ground out 5-3 (Groundball, 5, EV 91.3 MPH)
|
|
Batting: SHB Donnie Scott
|
0-0: Fly out, F3 (Line Drive, 3, EV 76.3 MPH)
|
|
Batting: LHB Max Venable
|
0-0: Ball 1-0: Ball 2-0: Foul Ball, location: 2F 2-1: SINGLE (Groundball, 5S, EV 69.4 MPH) (infield hit) Dave Stegman to third
|
|
Batting: SHB Julio Cruz
|
0-0: Foul Ball, location: 2F 0-1: Ground out 5-3 (Groundball, 56S, EV 87.5 MPH)
|
| Top of the 4th over - 0 runs, 2 hits, 0 errors, 2 left on base; Richmond 0 - Toledo 1 |
| BOTTOM OF THE 4TH |
|
Toledo Mud Hens batting - Pitching for Richmond Braves : LHP Mark Thurmond
|
|
Batting: SHB Ken Henderson
|
0-0: Ball 1-0: Ball 2-0: Foul Ball, location: 2F 2-1: Ball 3-1: Fly out, F8 (Flyball, 8LD, EV 89.4 MPH)
|
|
Batting: RHB John Guarino
|
0-0: Called Strike 0-1: Foul Ball, location: 2F 0-2: Ground out 4-3 (Groundball, 4S, EV 78.1 MPH)
|
|
Batting: RHB Milt Jefferson
|
0-0: Fly out, F4 (Flyball, 34D, EV 81.9 MPH)
|
| Bottom of the 4th over - 0 runs, 0 hits, 0 errors, 0 left on base; Richmond 0 - Toledo 1 |
| TOP OF THE 5TH |
|
Richmond Braves batting - Pitching for Toledo Mud Hens : RHP Jay North
|
|
Batting: LHB Brent Hillenga
|
0-0: SINGLE (Flyball, 9LS, EV 86.3 MPH)
|
|
Batting: RHB Scott Carnes
|
0-0: Bunt missed! 0-1: Bunt missed! 0-2: Ball 1-2: Strikes out swinging
|
|
Batting: SHB Howard Johnson
|
0-0: Ball 1-0: Ball 2-0: Called Strike 2-1: Fly out, F7 (Flyball, 78D, EV 100.0 MPH)
|
|
Batting: LHB Chris Evans
|
0-0: Called Strike 0-1: Ball 1-1: Ball Brent Hillenga steals 2nd, throwing error, E2 Brent Hillenga to third 2-1: Called Strike 2-2: Foul Ball, location: 2F 2-2: Foul Ball, location: 2F 2-2: Ball 3-2: Fly out, F8 (Flyball, 8LM, EV 81.3 MPH)
|
| Top of the 5th over - 0 runs, 1 hit, 1 error, 1 left on base; Richmond 0 - Toledo 1 |
| BOTTOM OF THE 5TH |
|
Toledo Mud Hens batting - Pitching for Richmond Braves : LHP Mark Thurmond
|
|
Batting: RHB Don Lyle
|
0-0: Ball 1-0: Called Strike 1-1: SINGLE (Groundball, 56D, EV 100.0 MPH)
|
|
Batting: RHB Dennis Odom
|
0-0: Ball 1-0: Swinging Strike 1-1: Ball 2-1: Called Strike 2-2: Foul Ball, location: 2F 2-2: Ball 3-2: Base on Balls Don Lyle to second
|
|
Batting: RHB Gary Allenson
|
0-0: Ground out U3 (Groundball, 23, EV 90.6 MPH) Don Lyle to third Dennis Odom to second
|
|
Batting: RHB Frank Moisa
|
0-0: Ball 1-0: DOUBLE (Flyball, 8RD, EV 89.4 MPH) Don Lyle scores Dennis Odom scores
|
|
Batting: RHB Joey McEndree
|
0-0: Called Strike Frank Moisa steals 3rd base (no throw) 0-1: Ball 1-1: Swinging Strike 1-2: Ball 2-2: Ball 3-2: Fly out, F9 (Flyball, 9S, EV 82.5 MPH)
|
|
Batting: LHB Ron Diggle
|
0-0: Called Strike 0-1: Ball 1-1: Foul Ball, location: 2F 1-2: Ground out 5-3 (Groundball, 56D, EV 107.5 MPH)
|
| Bottom of the 5th over - 2 runs, 2 hits, 0 errors, 1 left on base; Richmond 0 - Toledo 3 |
| TOP OF THE 6TH |
|
Richmond Braves batting - Pitching for Toledo Mud Hens : RHP Jay North
|
|
Batting: RHB Dave Stegman
|
0-0: Called Strike 0-1: Ball 1-1: Foul Ball, location: 2F 1-2: Ball 2-2: Fly out, F7 (Flyball, 7LS, EV 83.1 MPH)
|
|
Batting: LHB Matt Winters
|
0-0: Swinging Strike 0-1: Foul Ball, location: 2F 0-2: Fly out, F2 (Popup, 2RF, EV 86.9 MPH)
|
|
Batting: SHB Donnie Scott
|
0-0: Called Strike 0-1: Swinging Strike 0-2: Ball 1-2: Strikes out swinging
|
| Top of the 6th over - 0 runs, 0 hits, 0 errors, 0 left on base; Richmond 0 - Toledo 3 |
| BOTTOM OF THE 6TH |
|
Toledo Mud Hens batting - Pitching for Richmond Braves : LHP Mark Thurmond
|
|
Batting: SHB Ken Henderson
|
0-0: Called Strike 0-1: Fly out, F4 (Popup, 34, EV 54.4 MPH)
|
|
Batting: RHB John Guarino
|
0-0: Ball 1-0: Called Strike 1-1: Ball 2-1: SINGLE (Line Drive, 56D, EV 94.4 MPH)
|
|
Batting: RHB Milt Jefferson
|
0-0: Swinging Strike 0-1: Ball 1-1: Called Strike 1-2: Strikes out looking
|
|
Batting: RHB Don Lyle
|
0-0: Ball 1-0: Called Strike 1-1: Ball 2-1: Foul Ball, location: 2F 2-2: Foul Ball, location: 2F 2-2: Strikes out looking
|
| Bottom of the 6th over - 0 runs, 1 hit, 0 errors, 1 left on base; Richmond 0 - Toledo 3 |
| TOP OF THE 7TH |
|
Richmond Braves batting - Pitching for Toledo Mud Hens : RHP Jay North
|
|
Batting: LHB Max Venable
|
0-0: Ground out U3 (Groundball, 3, EV 88.1 MPH)
|
|
Batting: SHB Julio Cruz
|
0-0: SINGLE (Line Drive, 9LS, EV 108.1 MPH)
|
|
Batting: LHB Brent Hillenga
|
0-0: Ball 1-0: Called Strike 1-1: Fly out, F6 (Popup, 6S, EV 82.5 MPH)
|
|
Batting: RHB Scott Carnes
|
0-0: Ball 1-0: Called Strike Julio Cruz steals 2nd base 1-1: Ball 2-1: Ground out 6-3 (Groundball, P, EV 78.1 MPH)
|
| Top of the 7th over - 0 runs, 1 hit, 0 errors, 1 left on base; Richmond 0 - Toledo 3 |
| BOTTOM OF THE 7TH |
|
Toledo Mud Hens batting - Pitching for Richmond Braves : LHP Mark Thurmond
|
|
Batting: RHB Dennis Odom
|
0-0: Ball 1-0: Ground out 6-3 (Groundball, 6M, EV 94.4 MPH)
|
|
Batting: RHB Gary Allenson
|
0-0: Ball 1-0: Called Strike 1-1: Ground out 3-1 (Groundball, 34, EV 88.1 MPH)
|
|
Batting: RHB Frank Moisa
|
0-0: Called Strike 0-1: Ground out 5-3 (Groundball, 5, EV 106.3 MPH)
|
| Bottom of the 7th over - 0 runs, 0 hits, 0 errors, 0 left on base; Richmond 0 - Toledo 3 |
| TOP OF THE 8TH |
|
Richmond Braves batting - Pitching for Toledo Mud Hens : RHP Jay North
|
|
Batting: SHB Howard Johnson
|
0-0: Foul Ball, location: 2F 0-1: Swinging Strike 0-2: Strikes out swinging
|
|
Batting: LHB Chris Evans
|
0-0: Foul Ball, location: 2F 0-1: Ball 1-1: Called Strike 1-2: Foul Ball, location: 2F 1-2: SINGLE (Line Drive, 34D, EV 95.6 MPH)
|
|
Batting: RHB Dave Stegman
|
0-0: Foul Ball, location: 2F 0-1: Fly out, F3 (Popup, 3S, EV 80.6 MPH)
|
|
Batting: LHB Matt Winters
|
0-0: Called Strike 0-1: Foul Ball, location: 2F 0-2: Ball 1-2: Ball 2-2: Ball 3-2: Ground out 6-3 (Groundball, 6, EV 81.9 MPH)
|
| Top of the 8th over - 0 runs, 1 hit, 0 errors, 1 left on base; Richmond 0 - Toledo 3 |
| BOTTOM OF THE 8TH |
|
Toledo Mud Hens batting - Pitching for Richmond Braves : LHP Mark Thurmond
|
|
Batting: RHB Joey McEndree
|
0-0: Ball 1-0: Swinging Strike 1-1: Ground out 4-3 (Groundball, 4, EV 86.9 MPH)
|
|
Batting: LHB Ron Diggle
|
0-0: Ball 1-0: Called Strike 1-1: Foul Ball, location: 2F 1-2: Foul Ball, location: 2F 1-2: Ground out 4-3 (Groundball, 4, EV 81.9 MPH)
|
|
Batting: SHB Ken Henderson
|
0-0: Called Strike 0-1: Called Strike 0-2: Ball 1-2: Foul Ball, location: 2F 1-2: Ball 2-2: Fly out, F9 (Flyball, 89S, EV 87.5 MPH)
|
| Bottom of the 8th over - 0 runs, 0 hits, 0 errors, 0 left on base; Richmond 0 - Toledo 3 |
| TOP OF THE 9TH |
|
Richmond Braves batting - Pitching for Toledo Mud Hens : RHP Jay North
|
|
Batting: SHB Donnie Scott
|
0-0: Ground out 5-3 (Groundball, 56, EV 98.1 MPH)
|
|
Batting: LHB Max Venable
|
0-0: SOLO HOME RUN (Flyball, 7D, EV 110.6 MPH), Distance : 360 ft
|
|
Batting: SHB Julio Cruz
|
0-0: Called Strike 0-1: Ground out 5-3 (Groundball, 5, EV 80.0 MPH)
|
|
Batting: LHB Brent Hillenga
|
0-0: Ball 1-0: Called Strike 1-1: Foul Ball, location: 2F 1-2: Ball 2-2: Fly out, F5 (Popup, 5F, EV 61.3 MPH)
|
| Top of the 9th over - 1 run, 1 hit, 0 errors, 0 left on base; Richmond 1 - Toledo 3 |
|